 Dungeon Crawl Stone Soup version 0.32-a0-699-g1ee5eff69a (webtiles) character file.

Game seed: 12831361909850055001

511 ragingrage the Cutter (level 7, -4/48 HPs)
             Began as a Human Hexslinger on Mar 13, 2024.
             Was an Elder of Makhleb.
             Slain by a gnoll bouda
             ... wielding a +0 whip
              (5 damage)
             ... on level 4 of the Dungeon.
             The game lasted 00:03:54 (4107 turns).

ragingrage the Cutter (Human Hexslinger)            Turns: 4107, Time: 00:03:55

Health: -4/48      AC: 14    Str:  8    XL:     7   Next: 19%
Magic:  4/8        EV:  3    Int: 13    God:    Makhleb [****..]
Gold:   228        SH:  0    Dex: 18    Spells: 6/8 levels left

rFire   . . .        b - +2 short sword (elec)
rCold   . . .        (no shield)
rNeg    . . .        x - +0 chain mail
rPois   .            (no helmet)
rElec   .            d - +0 cloak
rCorr   .            (no gloves)
SInv    .            i - +0 pair of boots
Will    .....        j - amulet of faith Stlth
                     p - +4 ring of protection
HPRegen 0.28/turn    (no ring)
MPRegen 0.11/turn

%: faith
@: weakened, very slightly contaminated, slowed, very slow
A: explore regen
a: Renounce Religion, Minor Destruction, Lesser Servant of Makhleb, Major
Destruction


You were on level 4 of the Dungeon.
You worshipped Makhleb.
Makhleb was greatly pleased with you.
You visited 1 branch of the dungeon, and saw 5 of its levels.

You collected 228 gold pieces.

Inventory:

Hand Weapons
 a - a +1 sling
 b - a +2 short sword of electrocution (weapon)
 g - a +0 long sword
Missiles
 n - 3 poisoned darts (quivered)
Armour
 c - a +0 robe
 d - a +0 cloak (worn)
 i - a +0 pair of boots (worn)
 x - a +0 chain mail (worn)
Jewellery
 j - an amulet of faith (around neck)
 p - a +4 ring of protection (left hand)
 u - a ring of positive energy
Wands
 t - a wand of paralysis (5)
Scrolls
 h - 2 scrolls of teleportation {unknown}
 o - 2 scrolls of poison
 q - 4 scrolls of identify {unknown}
 v - a scroll of fear {unknown}
 w - a scroll of enchant weapon {unknown}
Potions
 e - 2 potions of mutation {unknown}
 f - a potion of haste {unknown}
 k - 3 potions of curing {unknown}
 l - a potion of cancellation {unknown}
 m - a potion of might {unknown}
 r - a potion of lignification {unknown}
 s - a potion of resistance {unknown}


   Skills:
 - Level 1.0 Fighting
 * Level 4.9 Short Blades
 - Level 4.4 Ranged Weapons
 - Level 2.0 Dodging
 - Level 2.0 Stealth
 - Level 1.0 Spellcasting
 - Level 4.0 Hexes
 - Level 1.0 Fire Magic


You had 6 spell levels left.
You knew the following spells:

 Your Spells              Type           Power      Damage    Failure   Level
a - Jinxbite              Hex            22%        N/A       100%        2

Your spell library contained the following spells:

 Spells                   Type           Power      Damage    Failure   Level
 Apportation              Tloc           0%         N/A       100%        1
 Freeze                   Ice            0%         1d3       100%        1
 Magic Dart               Conj           0%         1d3       100%        1
 Necrotise                Necr           0%         1d4       100%        1
 Sting                    Conj/Alch      0%         1d3       100%        1
 Summon Small Mammal      Summ           0%         N/A       100%        1
 Searing Ray              Conj           0%         2d4       100%        2
 Frozen Ramparts          Ice            0%         1d1       100%        3
 Hailstorm                Conj/Ice       0%         3d5       100%        3
 Inner Flame              Hex/Fire       7%         N/A       100%        3
 Sigil of Binding         Hex            11%        N/A       100%        3
 Summon Ice Beast         Ice/Summ       0%         N/A       100%        3
 Cause Fear               Hex            5%         N/A       100%        4
 Dimensional Bullseye     Hex/Tloc       2%         N/A       100%        4
 Fulminant Prism          Conj/Alch      0%         3d5       100%        4
 Permafrost Eruption      Ice/Erth       0%         2x4d2     100%        6
 Sculpt Simulacrum        Ice/Alch       0%         N/A       100%        6


Dungeon Overview and Level Annotations

Branches:
Dungeon (5/15)
 Temple: D:4-7

Altars:
Dithmenos
Gozag
Makhleb
Qazlal

Shops:
D:2 :


Innate Abilities, Weirdness & Mutations

You regain HP and MP as you explore.


Message History

The gnoll bouda shouts!
You climb upwards.
There is a stone staircase leading down here.
You start resting.
Your magical contamination has completely faded away.
You climb downwards.
You hear the hiss of flowing sand.
There is an entrance to an ossuary on this level.
Hurry and find it before the portal is buried!
The gnoll shouts!
The gnoll bouda barks out a call to the hunt!
The gnoll bouda gazes fiercely through you!
You feel your attacks grow feeble.
There is a stone staircase leading up here.
Unknown command.
The gnoll hits you but does no damage.
The gnoll hits you with a +0 heavy halberd!
There is a stone staircase leading up here.
The gnoll bouda hits you with a +0 whip.
The gnoll hits you with a +0 heavy halberd.
The gnoll bouda hits you but does no damage.
You climb upwards.
Your attacks no longer feel as feeble.
There is a stone staircase leading down here.
Casting: Jinxbite (quite dangerous; 100% risk of failure)
You miscast Jinxbite.
You are very lightly contaminated with residual magic.
You hear an indistinct dissonance whispering inside your mind.
You feel as though you will be slow longer.
The gnoll hits you with a +0 heavy halberd!
The gnoll bouda hits you with a +0 whip.
Casting: Jinxbite (quite dangerous; 100% risk of failure)
You miscast Jinxbite.
Nothing appears to happen.
The gnoll hits you with a +0 heavy halberd!!
* * * LOW HITPOINT WARNING * * *
The gnoll bouda hits you but does no damage.
The gnoll bouda gazes fiercely through you!
You feel your attacks grow feeble.
The gnoll bouda hits you with a +0 whip.
You die...

### ###
#.###.##########
#...#..........#
#.#..........#.####
#.###.######.g....#
#..........g@#.##.#
########
#####.######.#.##.#
#.......
#...#.>....##.#
#.......
########.#.##.####.#
#.......
#......#.#.##.####.#
#.......
#.####.#.#.##.#....#
#....... #.#
#.#.#....#.####
#<...... #.#
#.#.######.#
#.......
####.####.#...#..#.#
#.......


You could see a gnoll bouda and a gnoll (swift).

Vanquished Creatures
  2 scorpions (D:4)
  A howler monkey (D:5)
  An iguana (D:4)
  3 orc wizards
  5 gnolls
  6 adders
  A white imp (D:4)
  3 dart slugs
  2 ribbon worms
  26 orcs
  6 bats
  2 endoplasms
  2 giant cockroaches (D:2)
  16 goblins
  18 hobgoblins
  3 jackals (D:1)
  5 quokkas
  4 ball pythons
  2 frilled lizards
  3 kobolds
  5 rats
116 creatures vanquished.

Notes
Turn   | Place    | Note
-------+----------+-------------------------------------------
     0 | D:1      | ragingrage the Human Hexslinger began the quest for the
                  | Orb.
     0 | D:1      | Reached XP level 1. HP: 15/15 MP: 2/2
   232 | D:1      | Reached XP level 2. HP: 19/21 MP: 3/3
   441 | D:1      | Learned a level 2 spell: Jinxbite
   716 | D:1      | Found a faded altar of an unknown god.
   737 | D:1      | Prayed at the altar of an unknown god.
   737 | D:1      | Became a worshipper of Makhleb the Destroyer
   737 | D:1      | Reached * piety under Makhleb
   788 | D:1      | Reached XP level 3. HP: 26/26 MP: 4/4
  1346 | D:2      | Found Kutabomp's Vocational Training.
  1403 | D:2      | Reached ** piety under Makhleb
  1407 | D:2      | Reached XP level 4. HP: 32/32 MP: 5/5
  1916 | D:3      | Reached XP level 5. HP: 29/37 MP: 2/6
  2025 | D:3      | Reached *** piety under Makhleb
  2057 | D:3      | Reached skill level 1 in Short Blades
  2483 | D:3      | Reached XP level 6. HP: 43/43 MP: 5/7
  3063 | D:4      | Found a shadowy altar of Dithmenos.
  3064 | D:4      | Found a stormy altar of Qazlal.
  3076 | D:4      | Found an opulent altar of Gozag.
  3149 | D:4      | Reached skill level 1 in Stealth
  3162 | D:4      | Reached **** piety under Makhleb
  3780 | D:4      | Reached XP level 7. HP: 48/48 MP: 5/8
  3986 | D:5      | Entered Level 5 of the Dungeon
  4107 | D:4      | HP: 1/48 [gnoll/+0 heavy halberd[a gnoll bouda] (19)]
  4107 | D:4      | Slain by a gnoll bouda

Illustrated notes

Levels and vault maps discovered:
D:1:      dpeg_arrival_chambers_temple_mockup, layout_loops_ring,
          ebering_ecumenical_altar_abandoned, serial_bayou_pond_b
D:2:      cheibrodos_greedy_goblins, layout_basic, grunt_ministairs_15,
          nicolae_shop_vocational
D:3:      layout_loops_corners, grunt_decor_cap, minmay_misc_feat_chi,
          kennysheep_generic_room_13
D:4:      layout_basic, chequers_temple_overflow_statue_of_worship
D:5:      layout_cave_pools, temple_doors_e,
          mainiacjoe_ossuary_entry_find_the_door

Skill      XL: |  1  2  3  4  5  6 |
---------------+-------------------+-----
Ranged Weapons | 3 4 |  4.4
Hexes          | 4 |  4.0
Short Blades   | 2 4 |  4.9
Stealth        | 2 |  2.0
Fighting       | |  1.0
Dodging        | |  2.0
Spellcasting   | |  1.0
Fire Magic     | |  1.0

Action                     |  1- 3 |  4- 6 |  7- 9 || total
---------------------------+-------+-------+-------++-------
  Melee: Short sword       |       |   123 |    22 ||   145
   Fire: Sling             |   114 |    60 |       ||   174
  Throw: Dart              |       |     3 |       ||     3
   Cast: Jinxbite          |     8 |    17 |     2 ||    27
   Stab: Sleeping          |       |     4 |       ||     4
 Armour: Robe              |    33 |    98 |     9 ||   140
         Chain mail        |       |       |    21 ||    21
  Dodge: Dodged            |    39 |    89 |    13 ||   141

Table legend: (Time is in decaauts)
 A = Elapsed time spent in this place.
 B = Non-inter-level travel time spent in this place.
 C = Inter-level travel time spent in this place.
 D = Time resting spent in this place.
 E = Time spent auto-exploring this place.
 F = Levels seen in this place.
 G = Mean time per level.
                   A        B        C        D        E       F      G
               +--------+--------+--------+--------+--------+-----+--------+
         Total |   4147 |   4022 |    125 |    173 |   3073 |   5 |  829.4 |
       Dungeon |   4147 |   4022 |    125 |    173 |   3073 |   5 |  829.4 |
               +--------+--------+--------+--------+--------+-----+--------+

Top non-repeatable levels by time:
     D:3: 1094 daAuts
     D:4: 1024 daAuts
     D:1: 973 daAuts
     D:2: 941 daAuts
     D:5: 113 daAuts
